AoeStats
← Mateikos

Fortress

509481554Analyzed
4v4 RM · 4d ago on Sep 26, 2026· 71m 25s· 8 players
Game mode
Random Map
Map size
Huge
Population
200
Speed
Normal
Resources
Standard
Victory
Conquest
Starting age
Dark Age
Ending age
Imperial Age
RankedLock teamsTeams togetherTeam positionsShared explorationLock speedFull tech treeHidden civsTurbo modeCheats
Victory
Defeat
🇺🇸 Hindustanis · United States
936
+13
🇺🇸 Lithuanians · United States
899
+14
🇺🇸 Persians · United States
857
+16
🇺🇸 Celts · United States
777
+19
🇺🇾 Chinese · Uruguay
883
-17
🇺🇾 Dravidians · Uruguay
860
-16
🇦🇷 Celts · Argentina
855
-15
🇮🇳 Bohemians · India
824
-14
Mateikos
0:35 Loom
8:47 Feudal Age
10:03 Double-Bit Axe
12:38 Castle Age
11:46 Horse Collar
15:39 Wheelbarrow
16:12 Heavy Plow
17:40 Hand Cart
18:02 Town Watch
19:42 Bow Saw
21:24 Fletching
21:36 Padded Archer Armor
22:24 Gold Mining
23:14 Stone Mining
24:00 Gold Shaft Mining
25:03 Caravan
27:38 Imperial Age
25:41 Town Patrol
27:59 Stone Shaft Mining
29:54 Chemistry
29:30 Conscription
29:43 Rocketry
29:05 Elite Chu Ko Nu
30:56 Leather Archer Armor
30:38 Bodkin Arrow
31:53 Two-Man Saw
32:17 Ring Archer Armor
42:42 Ballistics
45:31 Caravan
47:09 Scale Barding Armor
47:14 Forging
48:01 Bloodlines
47:13 Light Cavalry
47:56 Husbandry
49:33 Chain Barding Armor
49:49 Iron Casting
57:48 Cavalier
darockstar686
7:19 Feudal Age
12:17 Castle Age
11:00 Horse Collar
11:06 Double-Bit Axe
16:44 Fervor
16:44 Heavy Plow
16:56 Bow Saw
25:33 Wheelbarrow
25:08 Caravan
25:48 Loom
25:49 Town Watch
26:51 Hand Cart
29:54 Imperial Age
28:08 Padded Archer Armor
27:59 Fletching
28:19 Forging
28:10 Scale Mail Armor
29:55 Leather Archer Armor
29:35 Bodkin Arrow
30:15 Town Patrol
30:55 Iron Casting
31:23 Chemistry
30:19 Murder Holes
30:35 Fortified Wall
30:37 Masonry
30:48 Ballistics
30:19 Guard Tower
32:16 Chain Mail Armor
32:32 Ring Archer Armor
32:12 Siege Engineers
31:53 Arrowslits
32:56 Bracer
33:21 Bombard Tower
35:05 Blast Furnace
35:11 Two-Man Saw
35:30 Conscription
34:32 Elite Hussite Wagon
35:13 Pikeman
35:54 Squires
35:40 Arson
36:52 Plate Mail Armor
36:55 Architecture
37:03 Keep
37:46 Halberdier
40:37 Elite Skirmisher
43:05 Wagenburg Tactics
45:25 Houfnice
59:00 Man-at-Arms
64:40 Long Swordsman
66:30 Two-Handed Swordsman
67:43 Champion
LUC
7:25 Feudal Age
8:07 Horse Collar
13:58 Castle Age
12:46 Double-Bit Axe
15:18 Loom
15:51 Stone Mining
17:50 Bow Saw
18:14 Gold Mining
21:02 Heavy Plow
24:23 Wheelbarrow
24:23 Pikeman
29:19 Imperial Age
29:33 Onager
31:53 Furor Celtica
33:29 Conscription
32:41 Halberdier
37:12 Man-at-Arms
38:35 Long Swordsman
39:37 Forging
39:27 Scale Mail Armor
39:54 Siege Onager
41:39 Two-Handed Swordsman
46:20 Champion
49:33 Iron Casting
54:05 Caravan
Purpleskull
0:55 Loom
7:30 Feudal Age
12:59 Castle Age
11:01 Double-Bit Axe
11:35 Town Watch
12:22 Horse Collar
14:11 Bow Saw
17:42 Wheelbarrow
19:38 Heavy Plow
24:10 Heated Shot
24:16 Murder Holes
24:45 Padded Archer Armor
24:35 Fletching
28:53 Imperial Age
27:34 Leather Archer Armor
27:14 Bodkin Arrow
29:57 Hand Cart
30:06 Bodkin Arrow
31:37 Two-Man Saw
32:16 Ballistics
31:54 Murder Holes
34:46 Bracer
35:16 Ring Archer Armor
36:12 Chemistry
35:24 Fortified Wall
36:39 Caravan
36:57 Medical Corps
38:53 Elite Elephant Archer
42:55 Scale Mail Armor
43:05 Forging
47:56 Scale Barding Armor
48:26 Iron Casting
48:55 Light Cavalry
52:00 Chain Barding Armor
52:40 Blast Furnace
52:36 Elite Skirmisher
54:42 Siege Elephant
58:30 Heated Shot
62:12 Man-at-Arms
62:36 Pikeman
63:31 Gold Mining
63:47 Halberdier
64:28 Squires
64:48 Chain Mail Armor
66:28 Plate Mail Armor
65:25 Long Swordsman
66:57 Two-Handed Swordsman
68:38 Champion
68:46 Champion
Husky
4:35 Loom
7:10 Feudal Age
7:48 Horse Collar
9:19 Double-Bit Axe
17:15 Castle Age
19:18 Gold Mining
23:58 Man-at-Arms
23:59 Pikeman
32:47 Imperial Age
31:41 Wheelbarrow
32:17 Gambesons
31:52 Long Swordsman
32:41 Scale Barding Armor
32:47 Forging
37:19 Hand Cart
39:35 Chemistry
46:31 Elite War Elephant
47:36 Chain Barding Armor
47:52 Iron Casting
48:35 Caravan
50:42 Plate Barding Armor
huntrixLoL
9:16 Feudal Age
11:16 Horse Collar
11:22 Double-Bit Axe
14:30 Loom
16:48 Castle Age
18:37 Gold Mining
19:07 Stone Mining
20:30 Bow Saw
20:21 Heavy Plow
21:49 Stone Shaft Mining
21:51 Wheelbarrow
24:43 Hand Cart
25:55 Coinage
31:22 Imperial Age
30:38 Padded Archer Armor
30:29 Fletching
32:34 Bloodlines
33:08 Husbandry
33:13 Elite Leitis
33:56 Bodkin Arrow
34:16 Leather Archer Armor
34:15 Scale Barding Armor
40:24 Chain Barding Armor
40:15 Forging
44:19 Caravan
44:50 Banking
53:22 Plate Barding Armor
53:23 Iron Casting
krook
6:25 Feudal Age
6:56 Horse Collar
7:49 Double-Bit Axe
15:29 Castle Age
19:46 Heavy Plow
19:59 Bow Saw
21:56 Forging
24:51 Grand Trunk Road
25:09 Bloodlines
25:11 Scale Barding Armor
25:42 Iron Casting
31:05 Imperial Age
29:11 Chain Barding Armor
29:55 Fortified Wall
29:56 Masonry
30:21 Gold Mining
30:25 Stone Mining
30:23 Loom
31:14 Wheelbarrow
30:25 Town Watch
31:38 Heavy Camel Rider
32:21 Husbandry
34:08 Plate Barding Armor
34:10 Imperial Camel Rider
35:34 Caravan
38:16 Blast Furnace
37:08 Fletching
40:33 Conscription
46:27 Chemistry
45:47 Ballistics
45:33 Siege Engineers
47:31 Thumb Ring
48:40 Shatagni
50:01 Murder Holes
56:54 Heavy Cavalry Archer
63:49 Bodkin Arrow
63:55 Padded Archer Armor
Booger Flicker X
7:19 Feudal Age
7:52 Horse Collar
7:58 Double-Bit Axe
13:53 Castle Age
13:20 Loom
14:11 Wheelbarrow
15:17 Bow Saw
15:37 Heavy Plow
17:09 Wheelbarrow
18:15 Hand Cart
22:10 Forging
22:03 Gold Mining
24:15 Gold Shaft Mining
24:37 Forging
28:03 Imperial Age
25:42 Scale Mail Armor
27:05 Iron Casting
26:45 Chain Mail Armor
28:07 Elite Woad Raider
29:09 Conscription
29:57 Blast Furnace
29:27 Plate Mail Armor
28:49 Fletching
28:59 Murder Holes
28:56 Capped Ram
30:44 Furor Celtica
32:28 Siege Ram
34:50 Fortified Wall
38:41 Onager
40:28 Chemistry
39:35 Siege Engineers
39:37 Bodkin Arrow
39:54 Siege Onager
46:52 Chemistry
47:55 Caravan
51:16 Town Watch
Connection lost

Rejoining the realm…

Still unreachable

The connection could not be restored.

Session expired

The server has moved on; the page needs a fresh start.